 Dungeon Crawl Stone Soup version 0.23.1-38-g628c18f (webtiles) character file.

Game seed: 15870626761448226659

158 dvd the Chopper (level 5, -3/47 HPs)
             Began as a Minotaur Chaos Knight on Mar 28, 2019.
             Was a Plaything of Xom.
             Slain by a swamp dragon (shapeshifter) (13 damage)
             ... on level 2 of the Dungeon.
             The game lasted 00:04:30 (1858 turns).

dvd the Chopper (Minotaur Chaos Knight)             Turns: 1858, Time: 00:04:31

Health: -3/47      AC:  5    Str: 17    XL:     5   Next: 16%
Magic:  4/4        EV: 12    Int:  9    God:    Xom [...*..]
Gold:   110        SH:  0    Dex: 10    Spells: 4/4 levels left

rFire    . . .     SeeInvis .   a - +0 hand axe (chaos)
rCold    . . .     Gourm    .   (no shield)
rNeg     . . .     Faith    .   b - +2 leather armour
rPois    .         Spirit   .   (helmet restricted)
rElec    .         Reflect  .   (no cloak)
rCorr    .         Harm     .   (no gloves)
MR       .....                  (no boots)
Stlth    +.........             (no amulet)
HPRegen  0.15/turn              (no ring)
MPRegen  0.09/turn              (no ring)

@: lightly drained
A: retaliatory headbutt, horns 2
a: Renounce Religion


You were on level 2 of the Dungeon.
You worshipped Xom.
You were a favourite toy of Xom.
You were not hungry.

You visited 1 branch of the dungeon, and saw 3 of its levels.

You collected 110 gold pieces.

Inventory:

Hand Weapons
 a - a +0 hand axe of chaos (weapon)
 d - a +0 mace
Armour
 b - a +2 leather armour (worn)
 m - a +0 scale mail
Scrolls
 f - a scroll of identify {unknown}
 h - a scroll of amnesia {unknown}
 k - a scroll of blinking {unknown}
Potions
 e - a potion of curing {unknown}
 g - a potion of brilliance {unknown}
 i - a potion of magic {unknown}
 l - a potion of heal wounds {unknown}
 n - a potion of invisibility {unknown}
Comestibles
 c - 7 rations
 j - 2 chunks of flesh


   Skills:
 + Level 4.9 Fighting
 + Level 5.1 Axes
 + Level 3.3 Armour
 + Level 2.1(2.0) Dodging
 + Level 0.7 Stealth


You had 4 spell levels left.
You didn't know any spells.
Your spell library was empty.

Dungeon Overview and Level Annotations

Branches:
Dungeon (3/15)

Altars:
Makhleb
Uskayaw
Xom


Innate Abilities, Weirdness & Mutations

You reflexively headbutt those who attack you in melee.
You have a pair of horns on your head.


Message History

A ball python comes into view.
The goblin hits you but does no damage.
You barely miss the goblin. You barely miss the swamp dragon.
The ball python hisses angrily.
The goblin hits you but does no damage.
Unknown command.
Unknown command.
There is a stone staircase leading up, spattered with blood here.
You see here a jackal corpse.
The swamp dragon bites you! The swamp dragon misses you.
The swamp dragon barely misses you.
You climb upwards.
There is a stone staircase leading down here.
The swamp dragon bites you. The swamp dragon claws you.
The swamp dragon tramples you!
* * * LOW HITPOINT WARNING * * *
You stumble backwards!
The swamp dragon bites you!
You die...
Xom laughs nastily!

##### ##### #...# #...#
########.#.# #...# # #.....>..#.#
####...#### ##
#.#####..#.####.........# .## #>#
#<.#..............# ..# #.#
#.................. .## #.#
#.@######.##...##.# ## #.#####D.#
#.##...##.# #########.>......#
#.##...##.# .<...........###.#
#.###.###.# .............###.#
#.# #.# #.# ##..########.##..#
#.# #.# #.# #..# ###.##.##
##.###.# #.# ##..######......##
#...##.###.#
........##.....#.#####.#........#


You could see a swamp dragon shaped shifter.

Vanquished Creatures
  A crimson imp (D:2)
  Terence (D:2)
  4 adders (D:2)
  An ooze (D:2)
  2 dart slugs (D:2)
  A leopard gecko (D:2)
  7 bats
  2 giant cockroaches (D:1)
  3 goblins (D:2)
  8 hobgoblins
  3 jackals (D:3)
  6 kobolds
  A quokka (D:2)
  7 frilled lizards
  8 rats
55 creatures vanquished.

Notes
Turn   | Place    | Note
-------+----------+-------------------------------------------
     0 | D:1      | dvd the Minotaur Chaos Knight began the quest for the Orb.
     0 | D:1      | Reached XP level 1. HP: 19/19 MP: 0/0
   137 | D:1      | Reached XP level 2. HP: 24/27 MP: 1/1
   233 | D:1      | XOM: divination: detect creatures
   511 | D:1      | XOM: harmless Fire miscast
   551 | D:1      | XOM: silly message
   609 | D:1      | XOM: silly message
   730 | D:1      | XOM: draining
   823 | D:2      | XOM: medium Ice miscast
   951 | D:2      | XOM: 2-stop teleportation journey
   953 | D:2      | Reached skill level 4 in Axes
   953 | D:2      | Reached XP level 3. HP: 34/34 MP: 2/2
  1126 | D:2      | Found a burning altar of Makhleb.
  1135 | D:2      | Reached XP level 4. HP: 38/41 MP: 3/3
  1277 | D:2      | XOM: confuse monster(s)
  1304 | D:2      | Noticed Terence
  1308 | D:2      | Killed Terence
  1308 | D:2      | Reached skill level 5 in Axes
  1308 | D:2      | Reached XP level 5. HP: 40/47 MP: 4/4
  1470 | D:2      | XOM: scenery: create altars
  1571 | D:2      | XOM: medium Pois miscast
  1627 | D:2      | Found a basalt altar of Yredelemnul.
  1629 | D:2      | Found a shimmering altar of Xom.
  1629 | D:2      | Found a hide-covered altar of Uskayaw.
  1631 | D:2      | Found a stormy altar of Qazlal.
  1631 | D:2      | Found an opulent altar of Gozag.
  1631 | D:2      | Found a shimmering altar of Xom.
  1685 | D:2      | XOM: god gift: silvery potion {god gift}
  1848 | D:3      | Noticed a shapeshifter
  1848 | D:3      | a jackal changed into a shapeshifter
  1848 | D:3      | Noticed a swamp dragon
  1848 | D:3      | a shapeshifter changed into a swamp dragon
  1858 | D:2      | Slain by a swamp dragon (shapeshifter)

Skill      XL: |  1  2  3  4 |
---------------+-------------+-----
Fighting       | 4 |  4.9
Axes           | 4 5 |  5.1
Armour         | 3 |  3.3
Dodging        | 2 |  2.1
Stealth        | |  0.7

Action                   |  1- 3 |  4- 6 || total
-------------------------+-------+-------++-------
Melee: Hand axe          |    72 |    39 ||   111
       Headbutt          |     8 |     3 ||    11
 Stab: Sleeping          |     1 |       ||     1
  Eat: Chunk             |     1 |     2 ||     3
Armor: Leather armour    |    30 |    12 ||    42
Dodge: Dodged            |    31 |    20 ||    51
